 Dungeon Sprint DCSS version 0.22-a0-40-g3d2f077 (webtiles) character file.

9377 Faca the Brawler (level 11, 0/109 HPs)
             Began as a Troll Fighter on Jan 4, 2018.
             Was the Champion of Cheibriados.
             Killed by divine providence
             ... invoked by a smoke demon
             ... summoned by an orc high priest
              (14 damage)
             ... in the Dungeon (Sprint IX: "|||||||||||||||||||||||||||||").
             The game lasted 00:06:18 (819 turns).

Faca the Brawler (Troll Fighter)                     Turns: 819, Time: 00:06:19

Health: 0/109      AC: 10    Str: 41    XL:     11   Next: 22%
Magic:  10/10      EV: 20    Int: 19    God:    Cheibriados [******]
Gold:   1267       SH: 16    Dex: 30    Spells: 10/10 levels left

rFire    . . .     SeeInvis .     - Unarmed
rCold    . . .     Gourm    +   b - +0 shield
rNeg     . . .     Faith    .   u - +2 robe {Archmagi}
rPois    .         Spirit   .   (helmet restricted)
rElec    .         Reflect  .   t - +0 cloak
rCorr    .         Harm     .   (gloves unavailable)
MR       .....     NoTele   +   (boots unavailable)
Stlth    +++.......             (no amulet)
HPRegen  0.68/turn              o - +3 ring of dexterity
MPRegen  0.12/turn              p - +2 ring of protection

@: very slow
A: large, unfitting armour, claws 3, fast metabolism 3, gourmand, regeneration
1, shaggy fur 1, tough skin 2
a: Bend Time, Temporal Distortion, Slouch, Step From Time, Renounce Religion


You were in the Dungeon.
You worshipped Cheibriados.
Cheibriados was exalted by your worship.
You were very full.

You visited 1 branch You collected 1267 gold pieces.

Inventory:

Armour
 b - a +0 shield (worn)
 t - a +0 cloak (worn)
 u - a +2 robe of the Archmagi (worn)
Jewellery
 o - a +3 ring of dexterity (left claw)
 p - a +2 ring of protection (right claw)
Wands
 n - a wand of acid (10)
Scrolls
 i - 3 scrolls of fog
 j - 3 scrolls of blinking
 l - 3 scrolls of remove curse
 m - 2 scrolls of amnesia
 q - a scroll of fear
 s - a scroll of identify
Potions
 a - a potion of brilliance
 c - a potion of might
 e - 5 potions of curing
 f - a potion of heal wounds
 h - 4 potions of magic
 k - a potion of invisibility
Comestibles
 d - 13 rations


   Skills:
 + Level 7.4 Fighting
 + Level 10.2 Dodging
 + Level 1.4 Stealth
 + Level 11.4 Shields
 + Level 18.5 Unarmed Combat


You had 10 spell levels left.
You didn't know any spells.

Dungeon Overview and Level Annotations

Branches:
Dungeon (1/1)

Altars:
Cheibriados
Dithmenos
Elyvilon
Fedhas
Gozag
Hepliaklqana
Kikubaaqudgha
Makhleb
Nemelex Xobeh
Okawaru
Qazlal
Ru
Sif Muna
Trog
Uskayaw
Vehumet
Wu Jian
Xom
Yredelemnul
Zin
The Shining One
Beogh
Jiyva
Lugonu

Shops:
D :[*


Innate Abilities, Weirdness & Mutations

You are too large for most types of armour.
You have claws for hands.
Your metabolism is lightning-fast.
You like to eat raw meat.
Your natural rate of healing is unusually fast.
You are covered in fur. (AC +1)
You have very tough skin. (AC +2)


Message History

An orc high priest comes into view. It is wielding a halberd.
You eviscerate the orc high priest!!!
The orc high priest is severely wounded.
The orc high priest no longer looks unusually strong.
You closely miss the orc high priest.
The orc high priest is severely wounded.
You block the orc high priest's attack.
The orc high priest prays to Beogh.
You miss the orc high priest.
The orc high priest is severely wounded.
The smoke demon gestures at you. Beogh smites you!
* * * LOW HITPOINT WARNING * * *
You scratch the orc high priest but do no damage.
The orc high priest is severely wounded.
The orc high priest hits you with a trident.
* * * LOW HITPOINT WARNING * * *
The smoke demon gestures at you. Beogh smites you!
You die...

▓.▓.▓†▓.▓_▓
▓.▓.▓.▓.▓_▓
▓.▓.▓.▓.▓_▓
▓.▓.▓.▓.▓_▓
▓.▓.▓.▓.▓_▓
▓'▓.▓.▓.▓_▓
▓)▓.▓'▓.▓'▓
▓)▓.▓†▓.▓.▓
▓@▓.▓.▓.▓.▓
▓o▓.▓.▓.▓|▓
▓o▓.▓.▓.▓)▓
▓3▓.▓.▓.▓[▓
▓o▓.▓.▓.▓[▓
▓o▓.▓.▓.▓[▓
▓o▓.▓.▓.▓.▓
▓4▓.▓.▓.▓!▓
▓.▓.▓.▓'▓


You could see 2 orc knights, 3 orc high priests, an ice devil and a smoke demon.

Vanquished Creatures
  Erica (D)
  4 orc high priests (D)
  2 orc knights (D)
  An orc sorcerer (D)
  2 spiny frogs (D)
  A troll (D)
  2 hippogriffs (D)
  A yak (D)
  A hungry ghost (D)
  2 wargs (D)
  2 water moccasins (D)
  A soldier ant (D)
  3 hell hounds (D)
  An ice beast (D)
  10 orc warriors (D)
  4 porcupines (D)
  4 wolves (D)
  5 crocodiles (D)
  2 big kobolds (D)
  3 bullfrogs (D)
  A howler monkey (D)
  2 crimson imps (D)
  A jelly (D)
  5 orc priests (D)
  2 orc wizards (D)
  An adder skeleton (D)
  8 orcs (D)
  A ball python (D)
  A bat zombie (D)
  A giant cockroach (D)
  A hobgoblin (D)
  A bat (D)
  A frilled lizard (D)
  A rat (D)
79 creatures vanquished.

Notes
Turn   | Place    | Note
-------+----------+-------------------------------------------
     0 | D        | Faca the Troll Fighter began the quest for the Orb.
     0 | D        | Reached XP level 1. HP: 22/22 MP: 0/0
    31 | D        | Noticed an ice beast
    31 | D        | Noticed a jelly
    32 | D        | Reached XP level 2. HP: 31/31 MP: 1/1
    47 | D        | Killed an ice beast
    47 | D        | Reached skill level 4 in Unarmed Combat
    47 | D        | Reached XP level 3. HP: 26/40 MP: 2/2
    47 | D        | Reached XP level 4. HP: 32/49 MP: 3/3
    50 | D        | Reached skill level 5 in Dodging
    50 | D        | Reached skill level 5 in Unarmed Combat
    50 | D        | Reached XP level 5. HP: 31/55 MP: 4/4
    81 | D        | Found a roughly hewn altar of Beogh.
    81 | D        | Found a snail-covered altar of Cheibriados.
    81 | D        | Found a shadowy altar of Dithmenos.
    81 | D        | Found a white marble altar of Elyvilon.
    81 | D        | Found a blossoming altar of Fedhas.
    81 | D        | Found an opulent altar of Gozag.
    82 | D        | Found a hazy altar of Hepliaklqana.
    83 | D        | Found a viscous altar of Jiyva.
    84 | D        | Found an ancient bone altar of Kikubaaqudgha.
    85 | D        | Became a worshipper of Cheibriados the Contemplative
    86 | D        | Found a corrupted altar of Lugonu.
    87 | D        | Found a burning altar of Makhleb.
    88 | D        | Found a sparkling altar of Nemelex Xobeh.
    89 | D        | Found an iron altar of Okawaru.
    90 | D        | Found a stormy altar of Qazlal.
    91 | D        | Found a sacrificial altar of Ru.
    92 | D        | Found a deep blue altar of Sif Muna.
    93 | D        | Found a bloodstained altar of Trog.
    94 | D        | Found a hide-covered altar of Uskayaw.
    95 | D        | Found a radiant altar of Vehumet.
    96 | D        | Found an ornate altar of the Wu Jian Council.
    97 | D        | Found a shimmering altar of Xom.
    98 | D        | Found a basalt altar of Yredelemnul.
    99 | D        | Found a glowing silver altar of Zin.
   100 | D        | Found a glowing golden altar of the Shining One.
   128 | D        | Noticed a hippogriff
   128 | D        | Noticed a hungry ghost
   128 | D        | Noticed a yak
   140 | D        | Reached skill level 5 in Shields
   141 | D        | Reached skill level 5 in Fighting
   141 | D        | Reached skill level 6 in Unarmed Combat
   145 | D        | Killed a hippogriff
   145 | D        | Reached * piety under Cheibriados
   145 | D        | Reached skill level 7 in Unarmed Combat
   145 | D        | Reached XP level 6. HP: 64/67 MP: 5/5
   153 | D        | Killed a hungry ghost
   153 | D        | Reached skill level 8 in Unarmed Combat
   153 | D        | Reached XP level 7. HP: 75/75 MP: 6/6
   158 | D        | Killed a yak
   158 | D        | Reached ** piety under Cheibriados
   158 | D        | Reached skill level 9 in Unarmed Combat
   184 | D        | Noticed a troll
   191 | D        | Reached *** piety under Cheibriados
   195 | D        | Killed a troll
   195 | D        | Reached skill level 10 in Unarmed Combat
   195 | D        | Reached XP level 8. HP: 84/84 MP: 7/7
   197 | D        | Reached **** piety under Cheibriados
   205 | D        | Reached ***** piety under Cheibriados
   325 | D        | Noticed a hippogriff
   327 | D        | Noticed a spiny frog
   330 | D        | Reached skill level 11 in Unarmed Combat
   335 | D        | Killed a hippogriff
   346 | D        | Killed a spiny frog
   346 | D        | Reached ****** piety under Cheibriados
   346 | D        | Reached skill level 12 in Unarmed Combat
   346 | D        | Reached XP level 9. HP: 93/93 MP: 8/8
   381 | D        | Noticed a spiny frog
   389 | D        | Killed a spiny frog
   389 | D        | Reached skill level 13 in Unarmed Combat
   402 | D        | Reached skill level 14 in Unarmed Combat
   451 | D        | Reached skill level 15 in Unarmed Combat
   454 | D        | Reached XP level 10. HP: 99/102 MP: 9/9
   536 | D        | Noticed Erica
   548 | D        | Killed Erica
   548 | D        | Reached skill level 10 in Shields
   618 | D        | Reached skill level 16 in Unarmed Combat
   665 | D        | Noticed an orc knight
   665 | D        | Noticed an orc sorcerer
   680 | D        | Killed an orc knight
   689 | D        | Killed an orc sorcerer
   701 | D        | Reached skill level 17 in Unarmed Combat
   707 | D        | Reached skill level 1 in Stealth
   707 | D        | HP: 4/102 [orc priest/divine providence (10)]
   789 | D        | Found Qiczi's Book Emporium.
   789 | D        | Noticed an orc knight
   789 | D        | Noticed an orc high priest
   789 | D        | Noticed an orc high priest
   789 | D        | Noticed an orc high priest
   789 | D        | Noticed an orc high priest
   790 | D        | Noticed an orc high priest
   793 | D        | Noticed an orc knight
   798 | D        | Killed an orc knight
   799 | D        | Found Wovoan's Antique Armour Shoppe.
   800 | D        | Noticed a smoke demon
   802 | D        | Killed an orc high priest
   802 | D        | Reached skill level 10 in Dodging
   804 | D        | Noticed an orc knight
   807 | D        | Killed an orc high priest
   807 | D        | Reached skill level 18 in Unarmed Combat
   807 | D        | Reached XP level 11. HP: 66/109 MP: 10/10
   811 | D        | Killed an orc high priest
   813 | D        | Killed an orc high priest
   814 | D        | Found Jauwk's Assorted Antiques.
   814 | D        | Noticed an orc high priest
   816 | D        | Noticed an orc high priest
   819 | D        | Killed from afar by a smoke demon

Vault maps used:
D:        linesprint

Skill      XL: |  1  2  3  4  5  6  7  8  9 10 |
---------------+-------------------------------+-----
Fighting       | 3 4 5 6 7 |  7.4
Dodging        | 3 4 5 6 7 8 9 10 | 10.2
Shields        | 3 4 6 7 8 9 11 | 11.4
Unarmed Combat | 4 5 7 8 10 12 15 18 | 18.5
Stealth        | 1 |  1.4

Action                   |  1- 3 |  4- 6 |  7- 9 | 10-12 || total
-------------------------+-------+-------+-------+-------++-------
Melee: Unarmed           |    37 |    28 |   101 |    94 ||   260
  Use: Potion            |       |       |       |     2 ||     2
  Eat: Chunk             |       |     5 |     6 |     2 ||    13
Armor: Robe              |    14 |     8 |       |     5 ||    27
       Troll leather arm |       |       |     7 |       ||     7
Dodge: Dodged            |    10 |     9 |    24 |    25 ||    68
Block: Shield            |     9 |    12 |    44 |    40 ||   105

Table legend:
 A = Spawn XP
 B = Non-spawn XP
 C = Spawn XP percentage of total XP
 D = Spawn monster count
 E = Non-spawn monster count
 F = Spawn count percentage of total count
 G = Total turns spent on level
                    A         B        C        D         E        F      G
               +---------+---------+-------+---------+---------+-------+---------
         Total |       0 |   13396 |   0.0 |       0 |      79 |   0.0 |   819
               +---------+---------+-------+---------+---------+-------+---------
             D |       0 |   13396 |   0.0 |       0 |      79 |   0.0 |   819
               +---------+---------+-------+---------+---------+-------+---------
